[Event "2nd ESNAICC Women 2024"]
[Site "Andorra la Vella"]
[Date "2024.06.24"]
[Round "1.2"]
[White "Thornton, Filipina"]
[Black "Markidou, Christianna"]
[Result "1/2-1/2"]
[ECO "D35"]
[WhiteElo "1787"]
[BlackElo "1676"]
[Annotator "NA RC"]
[PlyCount "201"]
[EventDate "2024.06.24"]
[EventType "tourn"]
[EventCountry "AND"]
[SourceTitle "playchess.com"]
[Source "ChessBase"]
[SourceQuality "1"]
[TimeControl "40/5400+30:1800+30"]

1. d4 d5 2. c4 e6 3. Nc3 c5 4. e3 Nf6 5. cxd5 exd5 6. Bd3 Nc6 7. Nge2 a6 8. a3 Bg4 9. f3 Be6 10. O-O Bd6 11. Kh1 O-O 12. Bc2 Qc7 13. h3 Rad8 14. Qe1 b5 15. Qh4 b4 16. Na4 Ne7 17. dxc5 Bxc5 18. Nxc5 Qxc5 19. Bd3 a5 20. Bd2 Nf5 21. Bxf5 Bxf5 22. Rfc1 Qb6 23. Nd4 bxa3 24. bxa3 Bd7 25. Rab1 Qa6 26. Qe1 a4 27. Rc7 Rb8 28. Bb4 Rfe8 29. Rbc1 Rbc8 30. Rxc8 Rxc8 31. Rxc8+ Qxc8 32. Be7 Ne8 33. Kh2 Qc7+ 34. Qg3 Qxg3+ 35. Kxg3 f5 36. Kf4 Kf7 37. Bh4 Nd6 38. Nc2 Nc4 39. Be1 h6 40. h4 g6 41. Bc3 h5 42. Bb4 Kf6 43. Ne1 Ke6 44. Nd3 Bb5 45. Nc5+ Kf6 46. Nb7 Ke6 47. Nc5+ Kf6 48. Nb7 Nb6 49. Bc3+ Ke6 50. Kg5 Be8 51. Nc5+ Kd6 52. Nd3 Nc4 53. Bd4 Kc6 54. Nb4+ Kd6 55. Nc2 Ke6 56. Bc5 Nb2 57. Nd4+ Kf7 58. Ne2 Nd3 59. Bd4 Ke6 60. Kh6 Kf7 61. Bc3 Bb5 62. Nd4 Be8 63. Ne2 Bb5 64. Bd4 Be8 65. Nc3 Ne1 66. Nxd5 Nxg2 67. Kg5 Bc6 68. e4 Ne1 69. Kf4 fxe4 70. fxe4 Ng2+ 71. Kg5 Ne1 72. Bf2 Bxd5 73. exd5 Nf3+ 74. Kf4 Nd2 75. Bd4 Nc4 76. Bc5 Nd2 77. d6 Ke6 78. Bb4 Nc4 79. Kg5 Ne5 80. Bc3 Nf3+ 81. Kxg6 Nxh4+ 82. Kxh5 Nf5 83. d7 Kxd7 84. Kg5 Nd6 85. Kf4 Kc6 86. Bb4 Nc4 87. Ke4 Kb5 88. Kd4 Nb2 89. Kc3 Nd1+ 90. Kd4 Nb2 91. Kc3 Nc4 92. Bf8 Nb6 93. Bb4 Nd5+ 94. Kb2 Kc4 95. Bf8 Nf4 96. Ka2 Kc3 97. Bg7+ Kc2 98. Bf8 Ne2 99. Be7 Nc3+ 100. Ka1 Kb3 101. Bf8 1/2-1/2

[Event "2nd ESNAICC Women 2024"]
[Site "Andorra la Vella"]
[Date "2024.06.24"]
[Round "1.3"]
[White "Zvereva, Marija"]
[Black "Berend, Elvira"]
[Result "0-1"]
[ECO "B51"]
[WhiteElo "2040"]
[BlackElo "2230"]
[Annotator "RC"]
[PlyCount "112"]
[EventDate "2024.06.24"]
[EventType "tourn"]
[EventCountry "AND"]
[SourceTitle "playchess.com"]
[Source "ChessBase"]
[SourceQuality "1"]
[TimeControl "40/5400+30:1800+30"]

1. e4 c5 2. Nf3 d6 3. Bb5+ Nd7 4. O-O a6 5. Be2 Ngf6 6. d3 e6 7. a4 Be7 8. Re1 O-O 9. h3 b6 10. Bf1 Bb7 11. Nc3 Re8 12. g3 Nf8 13. Bg2 Qd7 14. d4 Qc7 15. d5 exd5 16. exd5 Ng6 17. Be3 Bc8 18. Qd3 Bd7 19. Rad1 Qc8 20. Qf1 Rb8 21. Ng5 h6 22. Nge4 Nxe4 23. Nxe4 Bxa4 24. b3 Bd7 25. f4 f5 26. Nd2 b5 27. Qf3 Bf6 28. Kh2 Re7 29. Qh5 Be8 30. Qf3 Bf7 31. Qf1 Qd7 32. Qd3 Rbe8 33. Bf2 Rxe1 34. Bxe1 Ne7 35. Bf2 a5 36. c4 a4 37. bxa4 bxa4 38. Rb1 Ra8 39. Qa3 g5 40. Be3 Ng6 41. Bf3 gxf4 42. gxf4 Kh7 43. Rb6 Bd8 44. Rb5 Be8 45. Nb1 Qe7 46. Rb2 Ra7 47. Qd3 Nh4 48. Bg4 Qf6 49. Rb8 h5 50. Bd1 Rg7 51. Na3 Rg2+ 52. Kh1 Qg7 53. Bg4 hxg4 54. Rxd8 gxh3 55. Rxe8 Rh2+ 56. Kxh2 Qg2# 0-1

[Event "2nd ESNAICC Women 2024"]
[Site "Andorra la Vella"]
[Date "2024.06.24"]
[Round "1.4"]
[White "Ruddy, Rachel"]
[Black "Henderson de La Fuente, Andrea"]
[Result "0-1"]
[ECO "B07"]
[WhiteElo "1719"]
[BlackElo "1966"]
[Annotator "NA RC"]
[PlyCount "90"]
[EventDate "2024.06.24"]
[EventType "tourn"]
[EventCountry "AND"]
[SourceTitle "playchess.com"]
[Source "ChessBase"]
[SourceQuality "1"]
[TimeControl "40/5400+30:1800+30"]

1. d4 d6 2. e4 Nf6 3. Bd3 e5 4. c3 Be7 5. Ne2 Nbd7 6. b3 d5 7. Nd2 exd4 8. Nxd4 Nc5 9. Bc2 dxe4 10. O-O O-O 11. Nc4 Nd5 12. Bb2 Nf4 13. Re1 f5 14. Ba3 Nd5 15. Bb2 Ne6 16. b4 Nxd4 17. Qxd4 Be6 18. Bb3 Bf6 19. Ne5 Qd6 20. c4 Bxe5 21. Qxe5 Qxe5 22. Bxe5 Nxb4 23. Red1 Nd3 24. Bxc7 Rfc8 25. Ba5 Bxc4 26. Bc2 Nf4 27. Bb3 Bxb3 28. axb3 Nd3 29. Bd2 Rc2 30. Be3 a6 31. Rab1 Rac8 32. g3 Kf7 33. h4 Ke6 34. b4 Ra2 35. Bc5 Rc6 36. Rf1 b6 37. Be3 b5 38. Bd4 g6 39. Be3 Rcc2 40. Ra1 Nxb4 41. Rxa2 Nxa2 42. Rd1 b4 43. Rd8 b3 44. Rb8 b2 45. Kg2 Nc3 0-1

[Event "2nd ESNAICC Women 2024"]
[Site "Andorra la Vella"]
[Date "2024.06.24"]
[Round "1.5"]
[White "Muratet Carmona, Julia"]
[Black "De la Riva Real, Ariadna"]
[Result "0-1"]
[ECO "D02"]
[WhiteElo "1834"]
[BlackElo "1774"]
[Annotator "NA RC"]
[PlyCount "84"]
[EventDate "2024.06.24"]
[EventType "tourn"]
[EventCountry "AND"]
[SourceTitle "playchess.com"]
[Source "ChessBase"]
[SourceQuality "1"]
[TimeControl "40/5400+30:1800+30"]

1. d4 d5 2. Bf4 Nf6 3. e3 e6 4. Nf3 Be7 5. Bd3 O-O 6. Nbd2 b6 7. c3 Nbd7 8. Ne5 Bb7 9. Qb1 h6 10. h4 Nxe5 11. dxe5 Nd7 12. Qd1 f5 13. Rh3 Nc5 14. Be2 Bxh4 15. Bh5 Nd3+ 16. Kf1 Nxf2 17. Qf3 Nxh3 18. Qxh3 Bg5 19. Nf3 Bxf4 20. exf4 Qd7 21. Kg1 Rad8 22. Bg6 Qb5 23. b3 Qc5+ 24. Nd4 Bc8 25. Qd3 Bd7 26. Kf2 Qe7 27. Rh1 Be8 28. Qg3 c5 29. Bxe8 Qxe8 30. Nf3 Kf7 31. Nh4 d4 32. Ng6 Rg8 33. Nh4 dxc3 34. Qxc3 Rd4 35. g3 Qc6 36. Nf3 Rd7 37. Nd2 Qxh1 38. Nc4 g5 39. Nd6+ Ke7 40. Qe3 gxf4 41. Qxf4 Rg4 42. Qe3 Qh2+ 0-1

[Event "2nd ESNAICC Women 2024"]
[Site "Andorra la Vella"]
[Date "2024.06.24"]
[Round "2.2"]
[White "Henderson de La Fuente, Andrea"]
[Black "Muratet Carmona, Julia"]
[Result "1-0"]
[ECO "C02"]
[WhiteElo "1966"]
[BlackElo "1834"]
[Annotator "NA RC"]
[PlyCount "81"]
[EventDate "2024.06.24"]
[EventType "tourn"]
[EventCountry "AND"]
[SourceTitle "playchess.com"]
[Source "ChessBase"]
[SourceQuality "1"]
[TimeControl "40/5400+30:1800+30"]

1. d4 Nc6 2. e4 e6 3. Nf3 d5 4. e5 Nge7 5. Bg5 h6 6. Bh4 g5 7. Nxg5 hxg5 8. Bxg5 Qd7 9. g4 Bg7 10. c3 Nxe5 11. dxe5 Bxe5 12. h4 f6 13. Be3 b6 14. Nd2 c5 15. Nf3 Bd6 16. a4 a6 17. g5 f5 18. h5 Bb7 19. Bg2 O-O-O 20. Qb3 Kc7 21. O-O-O f4 22. Bd2 c4 23. Qc2 Bc6 24. b3 cxb3 25. Qd3 Kb7 26. Rde1 Bxa4 27. Ne5 Bxe5 28. Rxe5 Qd6 29. Bxf4 Qa3+ 30. Kd2 Bb5 31. Qb1 Rhf8 32. Be3 Nf5 33. Bf1 Nxe3 34. Bxb5 Nc4+ 35. Bxc4 dxc4+ 36. Ke2 Qd6 37. Qe4+ Ka7 38. Qe3 Qa3 39. Rxe6 Qb2+ 40. Kf1 Qb1+ 41. Kg2 1-0

[Event "2nd ESNAICC Women 2024"]
[Site "Andorra la Vella"]
[Date "2024.06.24"]
[Round "2.3"]
[White "Berend, Elvira"]
[Black "Ruddy, Rachel"]
[Result "1-0"]
[ECO "D11"]
[WhiteElo "2230"]
[BlackElo "1719"]
[Annotator "RC"]
[PlyCount "47"]
[EventDate "2024.06.24"]
[EventType "tourn"]
[EventCountry "AND"]
[SourceTitle "playchess.com"]
[Source "ChessBase"]
[SourceQuality "1"]
[TimeControl "40/5400+30:1800+30"]

1. d4 d5 2. c4 c6 3. Nd2 Nf6 4. Ngf3 Bf5 5. g3 Nbd7 6. Bg2 e6 7. O-O Bd6 8. b3 e5 9. dxe5 Nxe5 10. cxd5 Nxf3+ 11. Nxf3 cxd5 12. Bb2 Be7 13. Qd4 O-O 14. Rfd1 b6 15. Qf4 Be4 16. Nd4 Bxg2 17. Kxg2 Rc8 18. Nf5 Rc2 19. Qg5 Ne8 20. Nxe7+ Kh8 21. Ng6+ fxg6 22. Qxd8 Rxb2 23. Qe7 Kg8 24. Rxd5 1-0

[Event "2nd ESNAICC Women 2024"]
[Site "Andorra la Vella"]
[Date "2024.06.24"]
[Round "2.4"]
[White "Markidou, Christianna"]
[Black "Zvereva, Marija"]
[Result "0-1"]
[ECO "B32"]
[WhiteElo "1676"]
[BlackElo "2040"]
[Annotator "NA RC"]
[PlyCount "62"]
[EventDate "2024.06.24"]
[EventType "tourn"]
[EventCountry "AND"]
[SourceTitle "playchess.com"]
[Source "ChessBase"]
[SourceQuality "1"]
[TimeControl "40/5400+30:1800+30"]

1. e4 c5 2. Nf3 Nc6 3. d4 cxd4 4. Nxd4 e5 5. Nxc6 bxc6 6. c4 Nf6 7. Bg5 Qa5+ 8. Qd2 Bb4 9. Nc3 Nxe4 10. Nxe4 Bxd2+ 11. Bxd2 Qb6 12. Nd6+ Ke7 13. Nxc8+ Raxc8 14. Bc3 Rhe8 15. Rd1 d5 16. b3 d4 17. Bd2 e4 18. Be2 f5 19. O-O d3 20. Bxd3 exd3 21. Bc3 Rcd8 22. Bxg7 Kf7 23. Bc3 Re2 24. Bd2 Qd4 25. Be3 Rxe3 26. fxe3 Qxe3+ 27. Rf2 d2 28. Kf1 Qd3+ 29. Kg1 Qc2 30. Rff1 Re8 31. b4 Qxd1 0-1

[Event "2nd ESNAICC Women 2024"]
[Site "Andorra la Vella"]
[Date "2024.06.24"]
[Round "2.5"]
[White "Nevska, Gerda"]
[Black "Thornton, Filipina"]
[Result "1-0"]
[ECO "A26"]
[WhiteElo "1872"]
[BlackElo "1787"]
[Annotator "NA RC"]
[PlyCount "59"]
[EventDate "2024.06.24"]
[EventType "tourn"]
[EventCountry "AND"]
[SourceTitle "playchess.com"]
[Source "ChessBase"]
[SourceQuality "1"]
[TimeControl "40/5400+30:1800+30"]

1. c4 e5 2. Nc3 g6 3. g3 Bg7 4. Bg2 Nc6 5. d3 d6 6. e4 f5 7. exf5 Bxf5 8. Nge2 Nf6 9. O-O O-O 10. h3 Qc8 11. Kh2 Nb4 12. Ne4 d5 13. Nxf6+ Bxf6 14. g4 Bxd3 15. a3 Bxe2 16. Qxe2 Na6 17. Bh6 e4 18. Bxf8 Qxf8 19. f4 c6 20. cxd5 cxd5 21. g5 Bg7 22. Qb5 Qd6 23. Rad1 Nc7 24. Qb3 Rf8 25. Bxe4 Rxf4 26. Bxd5+ Kh8 27. Bg2 Qf8 28. Rxf4 Qxf4+ 29. Qg3 Qa4 30. Qxc7 1-0

[Event "2nd ESNAICC Women 2024"]
[Site "Andorra la Vella"]
[Date "2024.06.24"]
[Round "3.2"]
[White "Zvereva, Marija"]
[Black "Nevska, Gerda"]
[Result "1-0"]
[ECO "B00"]
[WhiteElo "2040"]
[BlackElo "1872"]
[Annotator "NA RC"]
[PlyCount "29"]
[EventDate "2024.06.24"]
[EventType "tourn"]
[EventCountry "AND"]
[SourceTitle "playchess.com"]
[Source "ChessBase"]
[SourceQuality "1"]
[TimeControl "40/5400+30:1800+30"]

1. e4 Nc6 2. d4 e5 3. d5 Nce7 4. f4 Ng6 5. Ne2 exf4 6. Nxf4 Bc5 7. Nc3 Nf6 8. Nxg6 hxg6 9. Qf3 Qe7 10. Bg5 Rh5 11. h4 Bd4 12. O-O-O Be5 13. d6 Bxd6 14. Nd5 Qxe4 15. Nxf6+ 1-0

[Event "2nd ESNAICC Women 2024"]
[Site "Andorra la Vella"]
[Date "2024.06.24"]
[Round "3.3"]
[White "Ruddy, Rachel"]
[Black "Markidou, Christianna"]
[Result "0-1"]
[ECO "D32"]
[WhiteElo "1719"]
[BlackElo "1676"]
[Annotator "NA RC"]
[PlyCount "80"]
[EventDate "2024.06.24"]
[EventType "tourn"]
[EventCountry "AND"]
[SourceTitle "playchess.com"]
[Source "ChessBase"]
[SourceQuality "1"]
[TimeControl "40/5400+30:1800+30"]

1. d4 d5 2. c4 e6 3. Nc3 c5 4. Nf3 Nc6 5. cxd5 exd5 6. e3 Bf5 7. Bd3 Bxd3 8. Qxd3 c4 9. Qe2 Bb4 10. O-O Bxc3 11. bxc3 Nf6 12. Bb2 O-O 13. a4 Re8 14. Qc2 Ne4 15. Rae1 a6 16. Nd2 Nxd2 17. Qxd2 Qa5 18. Ra1 Re6 19. Rfb1 Qc7 20. Qe2 Na5 21. Ra2 Nb3 22. f3 f5 23. Re1 a5 24. Qc2 g6 25. e4 Qd7 26. e5 b5 27. axb5 Qxb5 28. f4 Qd7 29. h4 Qg7 30. h5 Qh6 31. hxg6 hxg6 32. Qf2 Kf7 33. Re3 Qh5 34. Ba3 Rh8 35. Kf1 Qd1+ 36. Re1 Rh1+ 37. Qg1 Rxg1+ 38. Kxg1 Qxe1+ 39. Kh2 Qxc3 40. Bb2 Qc2 0-1

[Event "2nd ESNAICC Women 2024"]
[Site "Andorra la Vella"]
[Date "2024.06.24"]
[Round "3.4"]
[White "Muratet Carmona, Julia"]
[Black "Berend, Elvira"]
[Result "1/2-1/2"]
[ECO "B30"]
[WhiteElo "1834"]
[BlackElo "2230"]
[Annotator "RC"]
[PlyCount "78"]
[EventDate "2024.06.24"]
[EventType "tourn"]
[EventCountry "AND"]
[SourceTitle "playchess.com"]
[Source "ChessBase"]
[SourceQuality "1"]
[TimeControl "40/5400+30:1800+30"]

1. e4 c5 2. c4 Nc6 3. Nf3 e5 4. Nc3 d6 5. d3 Nf6 6. Bg5 Be7 7. Be2 O-O 8. O-O Ne8 9. Bxe7 Qxe7 10. Nd5 Qd8 11. a3 Nc7 12. Qd2 Ne6 13. b4 Ned4 14. Nxd4 Nxd4 15. Rab1 b6 16. f4 exf4 17. Rxf4 Be6 18. Ne3 a6 19. Nc2 Nxc2 20. Qxc2 Qg5 21. Rbf1 Qe5 22. R4f3 b5 23. Rg3 Rfc8 24. Rc1 Rab8 25. bxc5 bxc4 26. dxc4 Rb2 27. Qd3 dxc5 28. Bg4 Bxg4 29. Rxg4 Re8 30. Qc3 f5 31. Qxe5 Rxe5 32. exf5 Rxf5 33. Rg3 Rf4 34. h3 h6 35. Rd1 Rb7 36. Rd6 Rxc4 37. Rxa6 Kh7 38. Rc6 Rc2 39. a4 Ra2 1/2-1/2

[Event "2nd ESNAICC Women 2024"]
[Site "Andorra la Vella"]
[Date "2024.06.24"]
[Round "3.5"]
[White "De la Riva Real, Ariadna"]
[Black "Henderson de La Fuente, Andrea"]
[Result "1/2-1/2"]
[ECO "B02"]
[WhiteElo "1774"]
[BlackElo "1966"]
[Annotator "NA RC"]
[PlyCount "23"]
[EventDate "2024.06.24"]
[EventType "tourn"]
[EventCountry "AND"]
[SourceTitle "playchess.com"]
[Source "ChessBase"]
[SourceQuality "1"]
[TimeControl "40/5400+30:1800+30"]

1. e4 Nf6 2. Nc3 d5 3. exd5 Nxd5 4. Nge2 Bf5 5. g3 c6 6. a4 Bxc2 7. Qxc2 Nb4 8. Qb3 Nd3+ 9. Kd1 Nxf2+ 10. Ke1 Nd3+ 11. Kd1 Nf2+ 12. Ke1 1/2-1/2

[Event "2nd ESNAICC Women 2024"]
[Site "Andorra la Vella"]
[Date "2024.06.25"]
[Round "4.2"]
[White "Berend, Elvira"]
[Black "De la Riva Real, Ariadna"]
[Result "0-1"]
[ECO "B27"]
[WhiteElo "2230"]
[BlackElo "1774"]
[Annotator "RC"]
[PlyCount "79"]
[EventDate "2024.06.24"]
[EventType "tourn"]
[EventCountry "AND"]
[SourceTitle "playchess.com"]
[Source "ChessBase"]
[SourceQuality "1"]
[TimeControl "40/5400+30:1800+30"]

1. e4 c5 2. Nf3 g6 3. c3 d5 4. e5 Bg7 5. d4 cxd4 6. cxd4 f6 7. h3 a6 8. Bd3 Nc6 9. Bf4 Nh6 10. O-O O-O 11. Qd2 Nf7 12. Re1 Nxd4 13. Nxd4 fxe5 14. Bxe5 Nxe5 15. Nc3 Qb6 16. Bf1 Nc4 17. Bxc4 dxc4 18. Nf3 e6 19. Rad1 Qc5 20. Ne4 Qh5 21. Qe2 b5 22. Nd6 Rf6 23. Qe4 Rb8 24. Qc6 Rf8 25. Nxc8 Rbxc8 26. Qxe6+ Kh8 27. Re2 a5 28. g4 Qc5 29. Ne5 Bxe5 30. Qxe5+ Qxe5 31. Rxe5 c3 32. bxc3 Rxc3 33. Rxb5 Ra3 34. Rd2 Kg7 35. Kg2 Kh6 36. Rd7 Rh8 37. h4 Ra4 38. Kg3 Ra3+ 39. f3 Rxa2 40. Rbb7 0-1

[Event "2nd ESNAICC Women 2024"]
[Site "Andorra la Vella"]
[Date "2024.06.25"]
[Round "4.3"]
[White "Markidou, Christianna"]
[Black "Muratet Carmona, Julia"]
[Result "0-1"]
[ECO "B01"]
[WhiteElo "1676"]
[BlackElo "1834"]
[Annotator "NA RC"]
[PlyCount "74"]
[EventDate "2024.06.24"]
[EventType "tourn"]
[EventCountry "AND"]
[SourceTitle "playchess.com"]
[Source "ChessBase"]
[SourceQuality "1"]
[TimeControl "40/5400+30:1800+30"]

1. e4 d5 2. exd5 Nf6 3. d4 Bg4 4. Nf3 Qxd5 5. Be2 e6 6. O-O Nc6 7. c4 Qd7 8. Be3 O-O-O 9. Nbd2 Bb4 10. Nb3 Be7 11. a3 Ne4 12. Qc2 Bf5 13. Bd3 Nd6 14. d5 Bxd3 15. Qxd3 Nf5 16. Rfd1 b6 17. Rac1 Bf6 18. c5 Nb8 19. cxb6 axb6 20. Bxb6 c6 21. Bxd8 Rxd8 22. Qc2 Qc7 23. dxe6 Rxd1+ 24. Rxd1 fxe6 25. Nc5 Qe7 26. h3 Bxb2 27. Qxb2 Qxc5 28. Qb3 Qe7 29. g4 Nd6 30. a4 Kc7 31. a5 Nb5 32. Re1 Kd7 33. Ne5+ Kc7 34. Rc1 Qg5 35. Nd3 Qd2 36. Rd1 Qe2 37. Re1 Qf3 0-1

[Event "2nd ESNAICC Women 2024"]
[Site "Andorra la Vella"]
[Date "2024.06.25"]
[Round "4.4"]
[White "Nevska, Gerda"]
[Black "Ruddy, Rachel"]
[Result "1-0"]
[ECO "C00"]
[WhiteElo "1872"]
[BlackElo "1719"]
[Annotator "NA RC"]
[PlyCount "85"]
[EventDate "2024.06.24"]
[EventType "tourn"]
[EventCountry "AND"]
[SourceTitle "playchess.com"]
[Source "ChessBase"]
[SourceQuality "1"]
[TimeControl "40/5400+30:1800+30"]

1. e4 e6 2. Nf3 d5 3. Nc3 Ne7 4. b3 c5 5. d4 dxe4 6. Nxe4 Nf5 7. dxc5 Qxd1+ 8. Kxd1 Nc6 9. Bb5 f6 10. g4 Nh6 11. Bxh6 gxh6 12. Nxf6+ Kf7 13. Ne4 Bg7 14. c3 Rd8+ 15. Kc2 Ne5 16. Nxe5+ Bxe5 17. Rad1 Rf8 18. h3 a6 19. Bc4 Ke7 20. Rhf1 Bd7 21. b4 Bc6 22. f3 Rac8 23. Rde1 Bd7 24. Bb3 Rc7 25. h4 Bb5 26. Rf2 Bd7 27. a4 Bf4 28. g5 e5 29. gxh6 Bf5 30. Rg2 Bxh6 31. Kb2 Bg6 32. Ng5 Bg7 33. Ne6 Rxf3 34. Nxc7 e4 35. Nd5+ Kf8 36. Rxg6 hxg6 37. Rxe4 Rf2+ 38. Ka3 Bh6 39. Bd1 Rd2 40. Rd4 Rh2 41. b5 axb5 42. axb5 Bc1+ 43. Kb4 1-0

[Event "2nd ESNAICC Women 2024"]
[Site "Andorra la Vella"]
[Date "2024.06.25"]
[Round "4.5"]
[White "Thornton, Filipina"]
[Black "Zvereva, Marija"]
[Result "0-1"]
[ECO "A53"]
[WhiteElo "1787"]
[BlackElo "2040"]
[Annotator "NA RC"]
[PlyCount "54"]
[EventDate "2024.06.24"]
[EventType "tourn"]
[EventCountry "AND"]
[SourceTitle "playchess.com"]
[Source "ChessBase"]
[SourceQuality "1"]
[TimeControl "40/5400+30:1800+30"]

1. d4 Nf6 2. c4 d6 3. Nc3 Nbd7 4. f3 e5 $11 5. d5 Nh5 6. Nh3 Nc5 7. Nf2 a5 8. e4 Be7 9. Be3 Bg5 10. Qd2 h6 11. Be2 Bd7 12. O-O-O a4 13. h4 Bxe3 14. Qxe3 Ng3 15. Rh2 f5 16. f4 exf4 17. Qxf4 Nxe2+ 18. Nxe2 O-O 19. Qe3 fxe4 20. Nd4 Qf6 21. g4 Qf4 22. Qxf4 Rxf4 23. g5 Raf8 24. Nh1 Nd3+ 25. Kb1 Bg4 26. Rdd2 Rf1+ 27. Kc2 Rc1# 0-1

[Event "2nd ESNAICC Women 2024"]
[Site "Andorra la Vella"]
[Date "2024.06.26"]
[Round "5.2"]
[White "Ruddy, Rachel"]
[Black "Thornton, Filipina"]
[Result "0-1"]
[ECO "B50"]
[WhiteElo "1719"]
[BlackElo "1787"]
[Annotator "NA RC"]
[PlyCount "74"]
[EventDate "2024.06.24"]
[EventType "tourn"]
[EventCountry "AND"]
[SourceTitle "playchess.com"]
[Source "ChessBase"]
[SourceQuality "1"]
[TimeControl "40/5400+30:1800+30"]

1. e4 c5 2. d3 d6 3. Nf3 Nf6 4. h3 e6 5. Nbd2 Be7 6. Be2 a6 7. a4 b6 8. c3 Bb7 9. Qc2 Nbd7 10. Nf1 Qc7 11. Bf4 c4 12. g4 cxd3 13. Bxd3 Nc5 14. Ng3 e5 15. Bg5 h6 16. Be3 d5 17. Be2 Nfxe4 18. Nf5 Bf6 19. Rg1 Rc8 20. Rc1 Qd7 21. Bd2 Nxa4 22. Bd1 b5 23. Qb1 Nb6 24. Be3 Nc4 25. Bc2 g6 26. Ng3 Nxg3 27. Rxg3 e4 28. Bd4 exf3 29. Rxf3 Bxd4 30. cxd4 Qe6+ 31. Kd1 O-O 32. Bd3 Rfe8 33. Kc2 Na3+ 34. Kb3 Nxb1 35. Rxb1 Qb6 36. g5 Qa5 37. Bc4 Rxc4 0-1

[Event "2nd ESNAICC Women 2024"]
[Site "Andorra la Vella"]
[Date "2024.06.26"]
[Round "5.3"]
[White "Muratet Carmona, Julia"]
[Black "Nevska, Gerda"]
[Result "1/2-1/2"]
[ECO "B06"]
[WhiteElo "1834"]
[BlackElo "1872"]
[Annotator "NA RC"]
[PlyCount "88"]
[EventDate "2024.06.24"]
[EventType "tourn"]
[EventCountry "AND"]
[SourceTitle "playchess.com"]
[Source "ChessBase"]
[SourceQuality "1"]
[TimeControl "40/5400+30:1800+30"]

1. e4 d6 2. d4 g6 3. Nf3 Bg7 4. Bc4 c6 5. O-O d5 6. exd5 cxd5 7. Bb3 {[%emt 0:04:39] B06: Modern Defence.} Nf6 8. Nc3 O-O 9. Bg5 e6 10. Qd2 Nc6 11. Qf4 Nh5 $1 12. Qe3 f6 13. Bh6 Bxh6 14. Qxh6 Ng7 15. g4 (15. Ne2 $142) 15... Ne7 (15... Na5 $11) 16. Rae1 Kh8 (16... Rf7 $11) 17. Nh4 g5 18. Ng2 Ng8 19. Qh3 f5 20. f3 f4 21. Re5 Rf6 22. Ne1 Rg6 23. Na4 b6 24. c3 Ba6 25. Rf2 Nh6 26. Bc2 Qf6 27. Bxg6 Qxg6 28. Nc2 Rc8 29. Nb4 Bb5 30. b3 Qb1+ 31. Kg2 Nf7 32. Ree2 Bxa4 33. bxa4 Rxc3 34. Rb2 Qa1 35. Rbc2 Re3 36. Rc8+ Ne8 37. Nc2 Qd1 38. Rxe8+ Kg7 39. Nxe3 fxe3 40. Rf1 Qd2+ 41. Kg3 $18 e2 42. Rb1 e1=Q+ 43. Rxe1 Qxe1+ 44. Kg2 Qe2+ 1/2-1/2

[Event "2nd ESNAICC Women 2024"]
[Site "Andorra la Vella"]
[Date "2024.06.26"]
[Round "5.4"]
[White "De la Riva Real, Ariadna"]
[Black "Markidou, Christianna"]
[Result "0-1"]
[ECO "C47"]
[WhiteElo "1774"]
[BlackElo "1676"]
[Annotator "NA RC"]
[PlyCount "86"]
[EventDate "2024.06.24"]
[EventType "tourn"]
[EventCountry "AND"]
[SourceTitle "playchess.com"]
[Source "ChessBase"]
[SourceQuality "1"]
[TimeControl "40/5400+30:1800+30"]

1. e4 e5 2. Nf3 Nc6 3. Nc3 Nf6 4. d4 exd4 5. Nxd4 Bb4 6. Nxc6 bxc6 7. Bd3 d5 8. exd5 cxd5 9. O-O O-O 10. h3 c6 11. Bg5 Qd6 12. Qf3 Ba5 13. Bf4 Qd7 14. Ne2 Bc7 15. Bg5 Qd6 16. Ng3 h6 17. Bxf6 Qxf6 18. Qxf6 gxf6 19. Nh5 Be5 20. c3 f5 21. f4 Bh8 22. Ng3 Rb8 23. Rab1 Rb6 24. Nxf5 Bxf5 25. Bxf5 Rfb8 26. Rf3 c5 27. Rg3+ Kf8 28. Re1 Rxb2 29. Bh7 Bg7 30. a4 R2b3 31. Rge3 Bxc3 32. Bc2 Ra3 33. Rd3 c4 34. Rf3 Bxe1 35. Rxa3 a5 36. Re3 Bd2 37. Re5 Rd8 38. g3 Bc3 39. Re2 d4 40. Bd1 d3 41. Re4 Bd4+ 42. Kf1 c3 43. Bb3 c2 0-1

[Event "2nd ESNAICC Women 2024"]
[Site "Andorra la Vella"]
[Date "2024.06.26"]
[Round "5.5"]
[White "Henderson de La Fuente, Andrea"]
[Black "Berend, Elvira"]
[Result "1/2-1/2"]
[ECO "B90"]
[WhiteElo "1966"]
[BlackElo "2230"]
[Annotator "RC"]
[PlyCount "45"]
[EventDate "2024.06.24"]
[EventType "tourn"]
[EventCountry "AND"]
[SourceTitle "playchess.com"]
[Source "ChessBase"]
[SourceQuality "1"]
[TimeControl "40/5400+30:1800+30"]

1. e4 c5 2. Nf3 d6 3. d4 cxd4 4. Nxd4 Nf6 5. Nc3 a6 6. Rg1 g6 7. g4 Bg7 8. Be3 d5 9. e5 Ne4 10. f4 Nxc3 11. bxc3 Qc7 12. Qd2 e6 13. a4 Nd7 14. a5 Nc5 15. Bd3 Bd7 16. Nb3 Na4 17. Bd4 Rc8 18. Rg3 Bb5 19. Ra2 Bd7 20. Be2 Bb5 21. Qe3 Bf8 22. Bxb5+ axb5 23. Qd3 1/2-1/2

[Event "2nd ESNAICC Women 2024"]
[Site "Andorra la Vella"]
[Date "2024.06.26"]
[Round "6.2"]
[White "Markidou, Christianna"]
[Black "Henderson de La Fuente, Andrea"]
[Result "0-1"]
[ECO "B02"]
[WhiteElo "1676"]
[BlackElo "1966"]
[Annotator "RC"]
[PlyCount "150"]
[EventDate "2024.06.24"]
[EventType "tourn"]
[EventCountry "AND"]
[SourceTitle "playchess.com"]
[Source "ChessBase"]
[SourceQuality "1"]
[TimeControl "40/5400+30:1800+30"]

1. e4 Nf6 2. e5 Nd5 3. Bc4 Nb6 4. Bb3 d6 5. f4 dxe5 6. fxe5 a5 7. a4 Nc6 8. Nf3 Nd4 9. c3 Nxb3 10. Qxb3 Qd3 11. Qb5+ Qxb5 12. axb5 Bd7 13. Nd4 Nc4 14. Nf3 Bxb5 15. b3 Nb6 16. c4 Bc6 17. d4 e6 18. Ba3 a4 19. Bxf8 Kxf8 20. O-O Ke7 21. bxa4 Nxc4 22. Nc3 h6 23. Nb5 Bxf3 24. Rxf3 c6 25. Nd6 Nxd6 26. exd6+ Kxd6 27. Rxf7 b5 28. Rxg7 bxa4 29. Rg3 Ra5 30. Raa3 Rf8 31. Rh3 Rb5 32. g3 Rb4 33. Rxh6 Rxd4 34. h4 c5 35. Kg2 Rb8 36. Re3 Re8 37. Ra3 Kd5 38. h5 Rb8 39. Re3 e5 40. Ra6 Rh8 41. h6 Rb4 42. Rd3+ Kc4 43. Re3 Kd4 44. Ra3 c4 45. Rd6+ Kc5 46. Rf6 Rb2+ 47. Kh3 Kb4 48. Re3 a3 49. Rxe5 a2 50. Rb6+ Kc3 51. Ra6 Rxh6+ 52. Rxh6 a1=Q 53. Rhe6 Qh1+ 54. Kg4 Rd2 55. Re1 Rd4+ 56. Kg5 Qd5+ 57. R1e5 Qd8+ 58. Kf5 Rd5 59. g4 Qd7 60. g5 Rxe5+ 61. Kxe5 Qg7+ 62. Kf5 Kc2 63. g6 c3 64. Rf6 Kd1 65. Rf7 Qh8 66. g7 Qh7+ 67. Kf6 c2 68. Rd7+ Ke2 69. Re7+ Kf2 70. Rc7 Qh4+ 71. Ke6 Qe4+ 72. Kd6 Qf4+ 73. Kd5 Qxc7 74. g8=Q c1=Q 75. Qf7+ Qxf7+ 0-1